 Dungeon Crawl Stone Soup version 0.24-a0-170-gd8427f5 (webtiles) character file.

Game seed: 14750579686548730419

10059 Borgoz the Fighter (level 11, -1/71 HPs)
             Began as a Gargoyle Gladiator on Mar 8, 2019.
             Was a Follower of Ashenzari.
             Slain by an alligator simulacrum (17 damage)
             ... in an ice cave.
             The game lasted 00:19:13 (10476 turns).

Borgoz the Fighter (Gargoyle Gladiator)            Turns: 10476, Time: 00:19:15

Health: -1/71      AC: 21    Str: 17    XL:     11   Next: 56%
Magic:  13/13      EV: 20    Int: 12    God:    Ashenzari [*.....]
Gold:   609        SH:  0    Dex: 17    Spells: 12/13 levels left

rFire    x . .     SeeInvis .   a - +3 whip (elec)
rCold    + . .     Gourm    .   (no shield)
rNeg     + . .     Faith    .   l - +4 ring mail
rPois    ∞         Spirit   .   c - +0 helmet (curse)
rElec    +         Reflect  .   (no cloak)
rCorr    .         Harm     .   (no gloves)
MR       .....                  v - +0 pair of boots
Stlth    ++++......             (no amulet)
HPRegen  0.21/turn              B - ring of flight
MPRegen  0.13/turn              m - ring of ice

@: agile
A: negative energy resistance 1, electricity resistance, unbreathing,
petrification resistance, rot immunity, AC +8
a: Curse Item, Scrying, Renounce Religion, Evoke Flight


You were in an ice cave.
You worshipped Ashenzari.
Ashenzari was aware of your devotion.
You were not hungry.

You visited 2 branches of the dungeon, and saw 12 of its levels.
You also visited: Ice Cave.

You collected 609 gold pieces.

Inventory:

Hand Weapons
 a - a +3 whip of electrocution (weapon)
 b - a +6 blowgun
 s - a +2 short sword of electrocution
 u - a +0 whip of flaming
 y - a +2 whip of venom
 z - a +0 dagger of venom
 F - a +0 whip of freezing
Missiles
 d - 6 throwing nets (quivered)
 w - 66 poisoned needles
 I - 3 tomahawks
Armour
 c - a cursed +0 helmet (worn)
 l - a +4 ring mail (worn)
 v - a +0 pair of boots (worn)
Jewellery
 m - a ring of ice (right hand)
 B - a ring of flight (left hand)
 H - an uncursed amulet of the acrobat
 K - an uncursed amulet of magic regeneration
Wands
 o - a wand of polymorph (20)
 x - a wand of iceblast (7)
 E - a wand of digging (1)
Scrolls
 i - 2 scrolls of teleportation
 k - 3 scrolls of magic mapping
 n - 3 scrolls of fear
 C - a scroll of acquirement {unknown}
 D - a scroll of holy word {unknown}
 J - a scroll of identify
 L - a scroll of noise {unknown}
 N - 2 scrolls of remove curse
Potions
 e - 3 potions of brilliance
 g - 3 potions of mutation
 h - 3 potions of ambrosia {unknown}
 j - a potion of agility
 p - 2 potions of lignification
 q - a potion of invisibility
 r - 3 potions of flight
 t - 3 potions of might
 A - a potion of resistance
 G - 2 potions of berserk rage {unknown}
Comestibles
 f - 41 rations
 M - 6 chunks of flesh


   Skills:
 + Level 9.0 Fighting
 + Level 8.7 Maces & Flails
 - Level 1.7 Throwing
 + Level 8.8 Armour
 + Level 7.3 Dodging
 + Level 8.4 Stealth
 + Level 1.6 Spellcasting
 + Level 1.8 Hexes


You had 12 spell levels left.
You knew the following spells:

 Your Spells              Type           Power        Failure   Level  Hunger
a - Confusing Touch       Hex            #.....       22%         1    ##.....

Your spell library contained the following spells:

 Spells                   Type           Power        Failure   Level  Hunger
 Animate Skeleton         Necr           N/A          43%         1    ##.....
 Apportation              Tloc           #.....       43%         1    ##.....
 Summon Small Mammal      Summ           #...         43%         1    ##.....
 Ice Form                 Ice/Tmut       #.......     99%         4    #####..
 Metabolic Englaciation   Hex/Ice        #.........   100%        5    ######.
 Bolt of Cold             Conj/Ice       #.........   100%        6    #######
 Freezing Cloud           Conj/Ice/Air   #.........   100%        6    #######
 Ozocubu's Refrigeration  Ice            #.........   100%        6    #######
 Simulacrum               Ice/Necr       #.........   100%        6    #######


Dungeon Overview and Level Annotations

Branches:
Dungeon (11/15)            Temple (1/1) D:6            Lair (0/6) D:10
    Orc (0/2) D:9

Altars:
Ashenzari
Cheibriados
Dithmenos
Elyvilon
Fedhas
Gozag
Hepliaklqana
Kikubaaqudgha
Makhleb
Nemelex Xobeh
Okawaru
Qazlal
Ru
Sif Muna
Trog
Uskayaw
Vehumet
Wu Jian
Xom
Yredelemnul
Zin
The Shining One

Shops:
D:6 =*   D:9 [


Innate Abilities, Weirdness & Mutations

You are resistant to torment.
Your stone body is resilient. (AC +8)
You are immune to poison.
You resist negative energy. (rN+)
You are resistant to electric shocks. (rElec)
You can survive without breathing.
You are immune to petrification.
You are immune to rotting.


Message History

The alligator simulacrum bites you but does no damage.
The alligator simulacrum tail-slaps you but does no damage.
The death yak simulacrum closely misses you.
You hit the death yak simulacrum but do no damage.
The death yak simulacrum is heavily damaged.
The wolf simulacrum bites you. The wolf simulacrum freezes you. You resist.
The alligator simulacrum barely misses you.
The alligator simulacrum tail-slaps you.
The alligator simulacrum freezes you! You resist.
The wolf simulacrum misses you.
You are too injured to fight recklessly!
You are too injured to fight recklessly!
You are too injured to fight recklessly!
You feel agile all of a sudden. The wolf simulacrum barely misses you.
The death yak simulacrum barely misses you.
The alligator simulacrum bites you!
* * * LOW HITPOINT WARNING * * *
The alligator simulacrum freezes you! You resist.
You die...

#####
##...##
##..∩..##
#.......#
#...∩...#
##.....##
##.@.##


#ZZZ# ##...# #...# ...## ..## .## #. You could see a wolf simulacrum, an
alligator simulacrum and a death yak simulacrum.

Vanquished Creatures
  A two-headed ogre (D:10)
  Pikel (D:8)
  A cyclops (D:11)
  A troll (D:9)
  A hornet (D:9)
  2 hippogriffs
  A wyvern (D:7)
  4 hogs (D:7)
  A hungry ghost (D:10)
  A human (D:7)
  Menkaure (D:5)
  2 water moccasins
  2 porcupines (D:10)
  6 orc warriors
  A phantom (D:4)
  4 slaves (D:8)
  A swamp drake (D:9)
  A black bear (D:8)
  2 ice beasts
  3 sky beasts
  4 ogres
  4 centaurs
  2 big kobolds
  7 bullfrogs
  19 killer bees
  10 howler monkeys
  18 wights
  4 crimson imps
  2 jellies (D:9)
  A bullfrog zombie (D:7)
  A centaur zombie (D:7)
  6 hounds
  6 orc wizards
  2 centaur skeletons
  2 gnoll shamans
  13 orc priests
  2 iguanas
  Natasha (thrice) (D:3)
  5 worker ants
  A wolf simulacrum (IceCv)
  2 hound skeletons
  2 worker ant zombies
  21 gnolls
  A howler monkey skeleton (D:4)
  7 adders
  A shadow imp (D:6)
  12 white imps
  An ooze (D:3)
  An adder skeleton (D:4)
  3 worms
  40 orcs
  5 ball pythons
  8 bats
  3 giant cockroaches
  2 gnoll zombies (D:4)
  8 goblins
  7 hobgoblins
  5 jackals
  4 quokkas
  5 frilled lizards
  A jackal skeleton (D:5)
  17 kobolds
  2 quokka skeletons (D:4)
  9 rats
316 creatures vanquished.

Vanquished Creatures (others)
  An ogre (D:4)
  3 adders (D:4)
  4 orcs
8 creatures vanquished.

Grand Total: 324 creatures vanquished

Notes
Turn   | Place    | Note
-------+----------+-------------------------------------------
     0 | D:1      | Borgoz the Gargoyle Gladiator began the quest for the Orb.
     0 | D:1      | Reached XP level 1. HP: 12/12 MP: 1/1
    54 | D:1      | Reached XP level 2. HP: 18/18 MP: 2/2
   443 | D:1      | Reached skill level 1 in Armour
   859 | D:1      | Reached XP level 3. HP: 22/22 MP: 3/3
  1120 | D:2      | Found a snail-covered altar of Cheibriados.
  1437 | D:2      | Reached XP level 4. HP: 27/27 MP: 4/4
  1840 | D:3      | Reached skill level 3 in Fighting
  1868 | D:3      | Reached XP level 5. HP: 9/32 MP: 5/5
  1973 | D:3      | Noticed Natasha
  1985 | D:3      | Killed Natasha
  2248 | D:3      | Found a burning altar of Makhleb.
  2287 | D:3      | Noticed Natasha
  2289 | D:3      | Killed Natasha
  2289 | D:3      | Reached XP level 6. HP: 38/38 MP: 6/6
  2526 | D:3      | Found a hazy altar of Hepliaklqana.
  2589 | D:3      | Noticed Natasha
  2600 | D:3      | Killed Natasha
  2886 | D:4      | Reached skill level 4 in Fighting
  3211 | D:4      | Found a shimmering altar of Xom.
  3288 | D:4      | Noticed a phantom
  3295 | D:4      | Reached XP level 7. HP: 39/43 MP: 7/7
  3424 | D:4      | Found a basalt altar of Yredelemnul.
  3782 | D:5      | Entered Level 5 of the Dungeon
  3807 | D:5      | Noticed Menkaure
  3824 | D:5      | Killed Menkaure
  3824 | D:5      | Reached skill level 5 in Maces & Flails
  3824 | D:5      | Reached skill level 1 in Stealth
  4009 | D:5      | Reached skill level 5 in Fighting
  4009 | D:5      | Reached XP level 8. HP: 8/49 MP: 8/8
  4265 | D:5      | Found a deep blue altar of Sif Muna.
  4636 | D:6      | Found Sanutuak's Jewellery Boutique.
  4773 | D:6      | Found an opulent altar of Gozag.
  4774 | D:6      | Found a shimmering altar of Xom.
  4774 | D:6      | Found a radiant altar of Vehumet.
  4775 | D:6      | Found a hide-covered altar of Uskayaw.
  4800 | D:6      | Reached skill level 5 in Armour
  4804 | D:6      | Found a staircase to the Ecumenical Temple.
  4892 | Temple   | Entered the Ecumenical Temple
  4944 | Temple   | Became a worshipper of Ashenzari the Shackled
  5169 | D:6      | Found Zin's Purification Station.
  5169 | D:6      | Found a glowing silver altar of Zin.
  5312 | D:7      | Reached skill level 5 in Dodging
  5342 | D:7      | Noticed a hippogriff
  5355 | D:7      | Noticed a wyvern
  5359 | D:7      | Killed a hippogriff
  5359 | D:7      | Reached skill level 6 in Fighting
  5359 | D:7      | Reached XP level 9. HP: 41/55 MP: 9/9
  5513 | D:7      | Reached skill level 5 in Stealth
  5608 | D:7      | Found a shattered altar of Ashenzari.
  5920 | D:7      | Reached skill level 7 in Fighting
  6298 | D:8      | Reached XP level 10. HP: 63/63 MP: 10/10
  6473 | D:8      | Noticed Pikel
  6541 | D:8      | Killed Pikel
  6616 | D:8      | Found an iron altar of Okawaru.
  7112 | D:8      | Found a glowing golden altar of the Shining One.
  7328 | D:9      | Reached skill level 8 in Fighting
  7339 | D:9      | Found Uramisue's Armour Boutique.
  7692 | D:9      | Learned a level 1 spell: Confusing Touch
  7841 | D:9      | Found a blossoming altar of Fedhas.
  7913 | D:9      | Reached * piety under Ashenzari
  7989 | D:9      | Reached XP level 11. HP: 18/69 MP: 11/11
  8276 | D:9      | Found a staircase to the Orcish Mines.
  8744 | D:10     | Entered Level 10 of the Dungeon
  9126 | D:10     | Noticed a two-headed ogre
  9143 | D:10     | Killed a two-headed ogre
  9143 | D:10     | Reached skill level 1 in Spellcasting
  9143 | D:10     | Reached skill level 1 in Hexes
  9739 | D:10     | Reached skill level 9 in Fighting
 10022 | D:10     | Found a staircase to the Lair.
 10128 | D:11     | Found a frozen archway.
 10419 | D:11     | Noticed a cyclops
 10436 | D:11     | Killed a cyclops
 10467 | IceCv    | Entered an ice cave
 10476 | IceCv    | Slain by an alligator simulacrum

Levels and vault maps discovered:
D:1:      wander_arrival_fairy_ring, layout_basic, minmay_misc_feat_plants,
          st_stairs_10, chequers_serial_rivers_micro_b
D:2:      layout_basic, cheibriados_altar_1
D:3:      layout_loops_ring, lemuel_coloured_pillars_altar,
          makhleb_heckhound_becter, first_ration, uniq_natasha
D:4:      layout_loops_corners, lemuel_zombie_altar_yredelemnul,
          mrwooster_statue_mirror, xom_confusion_cloud
D:5:      layout_rooms, nicolae_overflow_crystal_walls,
          nicolae_underground_beach, uniq_menkaure
D:6:      layout_rooms, zin_purify, chequers_temple_overflow_statue_of_worship,
          minmay_temple_entry_stoned_glass, serial_shops,
          nicolae_shop_behind_doors, kennysheep_generic_room_14
D:7:      layout_loops_ring, hangedman_decor_growths, grunt_livestock,
          ashenzari_altar_1
D:8:      layout_rooms, okawaru_gym_becter, kennysheep_mini, uniq_pikel
D:9:      layout_roguey, fedhas_altar_3, erik_orc_1, serial_shops, shop,
          minmay_strange_pillars, evilmike_butchery
D:10:     layout_layer_cave, grunt_lair_entry_orc_guard_hut
D:11:     layout_grid_maze, portal_ice_cave_entry_imps, uniq_urug
Temple:   jpeg_temple_island
IceCv:    ice_cave_small_necro

Skill      XL: |  1  2  3  4  5  6  7  8  9 10 11 |
---------------+----------------------------------+-----
Armour         | 1 2 3 4 5 6 8 |  8.8
Fighting       | 3 4 5 6 7 8 9 |  9.0
Dodging        | 3 4 5 6 7 |  7.3
Maces & Flails | 4 5 6 7 8 |  8.7
Stealth        | 2 4 6 7 8 |  8.4
Spellcasting   | 1 |  1.6
Hexes          | 1 |  1.8
Throwing       | |  1.7

Action                   |  1- 3 |  4- 6 |  7- 9 | 10-12 || total
-------------------------+-------+-------+-------+-------++-------
Melee: Flail             |   133 |     1 |       |       ||   134
       Whip              |       |   208 |   355 |   637 ||  1200
 Cast: Confusing Touch   |       |       |       |     1 ||     1
Invok: Curse Item        |       |       |       |     1 ||     1
  Use: Potion            |       |     2 |       |     3 ||     5
       Scroll            |       |       |    17 |     1 ||    18
 Stab: Sleeping          |       |       |     3 |    11 ||    14
       Distracted        |       |       |       |     2 ||     2
       Confused          |       |       |       |     1 ||     1
  Eat: Chunk             |     2 |     6 |    10 |    15 ||    33
Armor: Leather armour    |    55 |       |       |       ||    55
       Ring mail         |       |    77 |   126 |   307 ||   510
Dodge: Dodged            |   111 |   113 |   149 |   489 ||   862

Table legend:
 A = Non-vault XP
 B = Vault XP
 C = Vault XP percentage of total XP
 D = Non-vault monster count
 E = Vault monster count
 F = Vault count percentage of total count
                 A         B        C        D         E       F
            +---------+---------+-------+---------+---------+-------
      Total |   11049 |    3321 |  23.1 |     263 |      49 |  15.7
            +---------+---------+-------+---------+---------+-------
        D:1 |      34 |       2 |   5.6 |      22 |       1 |   4.3
        D:2 |      49 |       0 |   0.0 |      19 |       0 |   0.0
        D:3 |     273 |      75 |  21.6 |      32 |       2 |   5.9
        D:4 |     240 |     149 |  38.3 |      20 |       4 |  16.7
        D:5 |     340 |     169 |  33.2 |      17 |       1 |   5.6
        D:6 |     687 |      11 |   1.6 |      17 |       1 |   5.6
        D:7 |    1565 |     994 |  38.8 |      23 |       5 |  17.9
        D:8 |    1712 |     629 |  26.9 |      36 |       1 |   2.7
        D:9 |    2556 |     548 |  17.7 |      39 |      16 |  29.1
       D:10 |    3090 |     644 |  17.2 |      37 |      10 |  21.3
       D:11 |     503 |      71 |  12.4 |       1 |       7 |  87.5
      IceCv |       0 |      29 | 100.0 |       0 |       1 | 100.0
            +---------+---------+-------+---------+---------+-------
